 Dungeon Crawl Stone Soup version 0.26.0-10-g1f06aea511 (webtiles) character file.

Game seed: 16277193985972120796

10780 Arthanis the Arsonist (level 11, -19/57 HPs)
             Began as a Deep Elf Fire Elementalist on Jan 18, 2021.
             Was an Elder of Vehumet.
             Killed from afar by an efreet (33 damage)
             ... with a bolt of fire
             ... on level 9 of the Dungeon.
             The game lasted 00:21:04 (13098 turns).

Arthanis the Arsonist (Deep Elf Fire Elementalist) Turns: 13098, Time: 00:21:04

Health: -19/57     AC:  6    Str:  5    XL:     11   Next: 40%
Magic:  11/28      EV: 14    Int: 28    God:    Vehumet [****..]
Gold:   647        SH:  5    Dex: 15    Spells: 14/32 levels left

rFire    . . .     SeeInvis .   O - +2 war axe "Golo" {vorpal, rN+ Int+4}
rCold    . . .     Faith    .   (no shield)
rNeg     + + .     Spirit   .   E - +0 robe {rN+}
rPois    .         Reflect  +   v - +0 helmet
rElec    .         Harm     .   (no cloak)
rCorr    .         Rampage  .   (no gloves)
Will     +....                  T - +2 pair of boots {run}
Stlth    ++........             l - amulet of reflection
HPRegen  0.19/turn              (no ring)
MPRegen  0.21/turn              (no ring)

@: quick
A: no striking features
a: Renounce Religion


You were on level 9 of the Dungeon.
You worshipped Vehumet.
Vehumet was greatly pleased with you.
You visited 2 branches of the dungeon, and saw 12 of its levels.

You collected 647 gold pieces.

Inventory:

Hand Weapons
 d - a +0 short sword
 s - a +2 trident of freezing
 u - a +1 short sword of venom
 x - a +5 spear
 y - a +3 spear of freezing
 O - the +2 war axe "Golo" (weapon) {vorpal, rN+ Int+4}
   (You found it on level 11 of the Dungeon)

   It inflicts extra damage upon your enemies.
   It affects your intelligence (+4).
   It protects you from negative energy.
 P - a cursed +3 great sword
Missiles
 i - 2 throwing nets
Armour
 a - a +0 robe
 v - a +0 helmet (worn)
 E - a +0 robe of positive energy (worn)
 F - a cursed +0 buckler
 Q - the +1 pair of boots of Spite {+Fly Slay+2 Stlth+}
   (You found it on level 11 of the Dungeon)

   It affects your accuracy and damage with ranged weapons and melee attacks
   (+2).
   It lets you fly.
   It makes you more stealthy.
 T - a +2 pair of boots of running (worn)
Jewellery
 l - an amulet of reflection (around neck)
 A - an uncursed ring of ice
 D - an uncursed amulet of the acrobat
Wands
 M - a wand of flame (4)
 N - a wand of iceblast (3)
 R - a wand of paralysis (8)
Scrolls
 b - 7 scrolls of identify {unknown}
 c - 10 scrolls of remove curse
 f - 6 scrolls of teleportation
 h - 3 scrolls of immolation
 n - 5 scrolls of enchant armour {unknown}
 o - 3 scrolls of enchant weapon {unknown}
 p - a scroll of amnesia {unknown}
 z - a scroll of random uselessness {unknown}
 G - 2 scrolls of magic mapping {unknown}
 H - a scroll of vulnerability {unknown}
 J - 2 scrolls of fear {unknown}
Potions
 e - 2 potions of curing {unknown}
 g - 3 potions of brilliance {unknown}
 j - 3 potions of lignification {unknown}
 k - 2 potions of might {unknown}
 m - a potion of heal wounds {unknown}
 q - 2 potions of invisibility {unknown}
 r - a potion of mutation {unknown}
 t - 2 potions of degeneration {unknown}
 w - 6 potions of attraction {unknown}
 B - a potion of ambrosia {unknown}
 C - 3 potions of cancellation {unknown}
 I - a potion of haste {unknown}
 K - a potion of magic {unknown}
 L - a potion of berserk rage {unknown}
 S - a potion of flight {unknown}
Miscellaneous
 U - a box of beasts


   Skills:
 - Level 2.0 Fighting
 - Level 4.0 Dodging
 - Level 3.0 Stealth
 + Level 3.9 Shields
 - Level 11.2 Spellcasting
 - Level 9.2 Conjurations
 - Level 13.1 Fire Magic
 - Level 2.1 Evocations


You had 14 spell levels left.
You knew the following spells:

 Your Spells              Type           Power        Failure   Level
a - Foxfire               Conj/Fire      100%         1%          1
b - Conjure Flame         Conj/Fire      68%          1%          3
c - Sticky Flame          Conj/Fire      68%          1%          4
d - Fireball              Conj/Fire      34%          1%          5
e - Shock                 Conj/Air       100%         1%          1
f - Mephitic Cloud        Conj/Pois/Air  33%          1%          3
g - Magic Dart            Conj           100%         1%          1

Your spell library contained the following spells:

 Spells                   Type           Power        Failure   Level
 Fulminant Prism          Conj/Hex       20%          1%          4
 Inner Flame              Hex/Fire       51%          1%          3
 Poisonous Vapours        Pois/Air       30%          5%          2
 Confusing Touch          Hex            15%          11%         3
 Gell's Gravitas          Tloc           7%           11%         3
 Yara's Violent Unravell  Hex/Tmut       7%           24%         5
 Petrify                  Tmut/Erth      15%          34%         4
 Freezing Cloud           Conj/Ice/Air   16%          36%         6
 Metabolic Englaciation   Hex/Ice        7%           69%         5


Dungeon Overview and Level Annotations

Branches:
Dungeon (11/15)            Temple (1/1) D:6            Lair (0/6) D:11
    Orc: D:9-12

Altars:
Ashenzari
Elyvilon
Gozag
Hepliaklqana
Okawaru
Qazlal
Ru
Sif Muna
Uskayaw
Vehumet
Xom

Annotations:
D:9 1 runed translucent door


Message History

The seven-headed hydra is severely wounded.
The seven-headed hydra is covered in liquid flames!
The seven-headed hydra burns!
The seven-headed hydra closely misses you.
The seven-headed hydra bites you. The seven-headed hydra bites you! x2
The seven-headed hydra misses you. The seven-headed hydra bites you! x2
* * * LOW HITPOINT WARNING * * *
Casting: Sticky Flame (safe; 1% risk of failure)
Confirm with . or Enter, or press ? or * to list all spells.
Okay, then.
Aiming: Iceblast
Press: ? - help, Shift-Dir - straight line, f/p - seven-headed hydra
Aim: a seven-headed hydra (severely wounded, covered in liquid flames)
Okay, then.
The seven-headed hydra burns!
The seven-headed hydra burns!
The efreet gestures at you. The bolt of fire hits you!!
Ouch! That really hurt!
You die...

.(.......####.##.####.#...###
<.....#### #.##.# #...###
#.#.....#
###.##.##...######Fs
....###.#
#.........###....+Ou
#.......# #.###....##.°#
#.#.#.#.###......###°○#☼#
#.).)..........###.R###..#
.##.#.#.##...###....# #D##
.##....#...###).@D#.# #R|##
.##.#.##.###....#...# #)○.z##
....#.##......#..)#.# #C##.:.
.####.##.###....#...# #T[|}##
.# #.##...###....#.# .#
#.#......###....# .#
#.#.####...###..# .# #.#.#
###...###. .# #.# #.#...##


You could see a seven-headed hydra (burning) and an efreet.

Vanquished Creatures
  2 boulder beetles (D:11)
  A two-headed ogre (D:10)
  2 unseen horrors
  Pikel (D:5)
  An ugly thing (D:11)
  A cyclops (D:11)
  Sigmund (D:6)
  11 yaks (D:11)
  A wraith (D:7)
  7 orc warriors
  An ice beast (D:7)
  3 black bears
  2 ogres (D:4)
  A sky beast (D:11)
  2 necrophages
  4 phantoms
  2 centaurs
  3 lemures
  A big kobold (D:9)
  6 bullfrogs
  A gnoll sergeant (D:10)
  2 scorpions
  A water moccasin skeleton (D:7)
  10 wights
  6 howler monkeys
  A bullfrog zombie (D:5)
  A quasit (D:9)
  A centaur zombie (D:9)
  3 orc priests
  6 hounds
  2 bullfrog skeletons
  A centaur skeleton (D:8)
  Terence (D:2)
  5 iguanas
  8 orc wizards
  6 worker ants
  3 hound zombies
  2 hound skeletons
  A howler monkey zombie (D:6)
  4 gnolls (D:10)
  A howler monkey skeleton (D:4)
  10 adders
  A shadow imp (D:7)
  A white imp (D:7)
  2 ufetubi
  An adder zombie (D:8)
  An adder skeleton (D:6)
  4 worms
  2 dart slugs
  8 leopard geckos
  52 orcs
  7 giant cockroaches
  7 goblins
  9 hobgoblins
  13 jackals
  12 kobolds
  4 quokkas
  7 ball pythons
  11 bats
  8 frilled lizards
  A jackal zombie (D:7)
  A quokka skeleton (D:9)
  A quokka zombie (D:8)
  4 rats
286 creatures vanquished.

Vanquished Creatures (collateral kills)
  4 foxfires
4 creatures vanquished.

Vanquished Creatures (others)
  1238 foxfires
  14 fungi (D:11)
  23 plants
1275 creatures vanquished.

Grand Total: 1565 creatures vanquished

Notes
Turn   | Place    | Note
-------+----------+-------------------------------------------
     0 | D:1      | Arthanis the Deep Elf Fire Elementalist began the quest for
                  | the Orb.
     0 | D:1      | Reached XP level 1. HP: 10/10 MP: 6/6
   250 | D:1      | Reached XP level 2. HP: 15/15 MP: 2/8
   696 | D:1      | Reached skill level 4 in Fire Magic
   955 | D:2      | Reached XP level 3. HP: 19/19 MP: 2/10
  1400 | D:2      | Found a hide-covered altar of Uskayaw.
  1427 | D:2      | Reached XP level 4. HP: 24/24 MP: 7/11
  1756 | D:2      | Noticed Terence
  2057 | D:3      | Found an opulent altar of Gozag.
  2652 | D:3      | Learned a level 3 spell: Conjure Flame
  2657 | D:3      | Learned a level 4 spell: Sticky Flame
  2922 | D:3      | Reached skill level 5 in Fire Magic
  2973 | D:3      | Reached XP level 5. HP: 28/28 MP: 6/13
  3838 | D:4      | Learned a level 5 spell: Fireball
  3925 | D:4      | Noticed an ogre
  3940 | D:4      | Killed an ogre
  3941 | D:4      | Reached skill level 5 in Spellcasting
  3941 | D:4      | Reached skill level 6 in Fire Magic
  3941 | D:4      | Reached XP level 6. HP: 32/32 MP: 4/15
  4406 | D:4      | Reached XP level 7. HP: 36/36 MP: 10/17
  4706 | D:2      | Killed Terence
  4918 | D:5      | Entered Level 5 of the Dungeon
  5150 | D:5      | Reached skill level 7 in Fire Magic
  5712 | D:6      | Reached skill level 5 in Conjurations
  5870 | D:6      | Reached XP level 8. HP: 41/41 MP: 13/20
  5876 | D:6      | Reached skill level 8 in Fire Magic
  6054 | D:6      | Found a staircase to the Ecumenical Temple.
  6060 | Temple   | Entered the Ecumenical Temple
  6066 | Temple   | Became a worshipper of Vehumet
  6249 | D:6      | Noticed Sigmund
  6260 | D:6      | Killed Sigmund
  6595 | D:5      | Reached skill level 9 in Fire Magic
  7136 | D:5      | Noticed Pikel
  7356 | D:5      | Killed Pikel
  7357 | D:5      | Reached XP level 9. HP: 42/45 MP: 13/23
  7881 | D:7      | Reached skill level 10 in Fire Magic
  8118 | D:7      | Reached * piety under Vehumet
  8118 | D:7      | Offered knowledge of Shock by Vehumet.
  8121 | D:7      | Learned a level 1 spell: Shock
  9073 | D:8      | Learned a level 3 spell: Mephitic Cloud
  9111 | D:8      | Reached ** piety under Vehumet
  9115 | D:8      | Offered knowledge of Magic Dart by Vehumet.
  9118 | D:8      | Learned a level 1 spell: Magic Dart
  9218 | D:8      | Found an iron altar of Okawaru.
  9502 | D:8      | Found a hazy altar of Hepliaklqana.
  9503 | D:8      | Found a stormy altar of Qazlal.
  9504 | D:8      | Found a white marble altar of Elyvilon.
  9770 | D:9      | You fall into a shaft and drop 2 floors!
  9777 | D:11     | Got an ivory war axe
  9778 | D:11     | Identified the +2 war axe "Golo" {vorpal, rN+ Int+4} (You
                  | found it on level 11 of the Dungeon)
  9828 | D:10     | Entered Level 10 of the Dungeon
  9828 | D:10     | Noticed a two-headed ogre
  9831 | D:10     | Reached skill level 1 in Fighting
  9831 | D:10     | Killed a two-headed ogre
  9832 | D:10     | Reached skill level 11 in Fire Magic
  9832 | D:10     | Reached skill level 1 in Evocations
  9832 | D:10     | Reached XP level 10. HP: 52/52 MP: 8/25
  9990 | D:11     | Noticed an unseen horror
  9993 | D:11     | Killed an unseen horror
 10271 | D:11     | Noticed a red ugly thing
 10292 | D:11     | Killed a red ugly thing
 10293 | D:11     | Reached skill level 10 in Spellcasting
 10404 | D:11     | Offered knowledge of Ignite Poison by Vehumet.
 10525 | D:11     | Reached skill level 12 in Fire Magic
 10736 | D:11     | Got a pair of fading boots
 10742 | D:11     | Identified the +1 pair of boots of Spite {+Fly Slay+2
                  | Stlth+} (You found it on level 11 of the Dungeon)
 10745 | D:11     | Noticed a boulder beetle
 10747 | D:11     | Reached *** piety under Vehumet
 10762 | D:11     | Killed a boulder beetle
 11046 | D:11     | Noticed a boulder beetle
 11058 | D:11     | Killed a boulder beetle
 11294 | D:11     | Reached XP level 11. HP: 57/57 MP: 18/28
 11530 | D:11     | Found a staircase to the Lair.
 11537 | D:11     | Reached skill level 13 in Fire Magic
 11677 | D:10     | Killed an unseen horror
 12021 | D:10     | Offered knowledge of Iskenderun's Mystic Blast by Vehumet.
 12126 | D:10     | Noticed an orc knight
 12592 | D:9      | Reached **** piety under Vehumet
 12613 | D:9      | Identified a +2 pair of boots of running (You found it on
                  | level 9 of the Dungeon)
 12958 | D:9      | Offered knowledge of Fulminant Prism by Vehumet.
 13087 | D:9      | Found a runed translucent door.
 13088 | D:9      | Noticed a seven-headed hydra
 13088 | D:9      | Noticed a boulder beetle
 13089 | D:9      | Noticed a wolf spider
 13090 | D:9      | Noticed a white ugly thing
 13098 | D:9      | Killed from afar by an efreet

Illustrated notes

Levels and vault maps discovered:
D:1:      dpeg_arrival_rooms_b, layout_basic
D:2:      layout_basic, eat_drink_and_be_merry_uskayaw,
          minmay_shallow_snake_nest, uniq_terence
D:3:      minmay_recursive_quarters, layout_basic,
          nicolae_gozag_cash_rules_everything_around_me
D:4:      kennysheep_big_flooded_room, layout_rooms
D:5:      layout_basic, uniq_pikel
D:6:      layout_cave_pools, minmay_temple_entry_hall, minivault_27,
          fountainhead, uniq_sigmund
D:7:      layout_loops_ring, minmay_three_doors
D:8:      layout_rooms, old_standard_altar, gammafunk_temple_overflow_forgotten
D:9:      minmay_the_grid_triangle_9x9_recursive_2
          [minmay_the_grid_triangle_9x9_prize_insulated,
          minmay_the_grid_triangle_9x9_intruding_spiral,
          minmay_the_grid_triangle_9x9_fully_insulated_deathbox,
          minmay_the_grid_triangle_9x9_negative_grid], layout_loops_ring
D:10:     layout_cave_pools, david_orc_5, gammafunk_ghost_cemetery,
          serial_gnoll_camp, gnoll_camp_mini_hut, gnoll_camp_mini_house,
          gnoll_camp_mini_hut, gnoll_camp_huts_basic, serial_shops,
          nicolae_shop_crystal, minmay_misc_feat_hallway, kennysheep_cross_room,
          grunt_ministairs_9, roderic_cross_of_infinity
D:11:     layout_irregular_city, grunt_lair_entry_orc_guard_hut
Temple:   eino_temple_rhombus

Skill      XL: |  1  2  3  4  5  6  7  8  9 10 11 |
---------------+----------------------------------+-----
Fire Magic     | 4 5 6 7 9 11 12 13 | 13.1
Conjurations   | 2 3 4 5 6 7 9 |  9.2
Spellcasting   | 4 5 6 8 9 11 | 11.2
Dodging        | 3 4 |  4.0
Stealth        | 3 |  3.0
Fighting       | 1 2 |  2.0
Evocations     | 1 2 |  2.1
Shields        | 3 |  3.9

Action                   |  1- 3 |  4- 6 |  7- 9 | 10-12 || total
-------------------------+-------+-------+-------+-------++-------
Melee: Unarmed           |     2 |       |       |       ||     2
       Short sword       |     1 |     1 |     6 |       ||     8
       War axe           |       |       |       |     4 ||     4
 Cast: Foxfire           |    94 |   179 |   334 |   181 ||   788
       Conjure Flame     |       |     1 |     2 |     2 ||     5
       Sticky Flame      |       |       |    13 |    16 ||    29
       Fireball          |       |       |     5 |    30 ||    35
       Shock             |       |       |     5 |    31 ||    36
       Mephitic Cloud    |       |       |       |     2 ||     2
Evoke: Wand              |       |       |       |     3 ||     3
  Use: Scroll            |       |       |     2 |     2 ||     4
 Stab: Sleeping          |       |       |     1 |       ||     1
Armor: Robe              |     4 |       |     8 |     6 ||    18
Dodge: Dodged            |    13 |     2 |    24 |    31 ||    70
Block: Other             |       |     1 |     6 |     7 ||    14
       Reflection        |       |     1 |       |       ||     1
